 Dungeon Crawl Stone Soup version 0.29.1-15-g9cfb28693d (webtiles) character file.

Game seed: 6947404449960839675

1950 croobank the Firebug (level 8, -9/61 HPs)
             Began as a Demonspawn Fire Elementalist on Mar 23, 2023.
             Killed from afar by a steam dragon (12 damage)
             ... with a ball of steam
             ... on level 5 of the Dungeon.
             The game lasted 00:24:37 (6591 turns).

croobank the Firebug (Demonspawn Fire Elementalist) Turns: 6591, Time: 00:24:37

Health: -9/61      AC:  6    Str:  8    XL:     8   Next: 99%
Magic:  3/14       EV: 13    Int: 19    God:
Gold:   208        SH:  0    Dex: 14    Spells: 9/16 levels left

rFire   . . .      SeeInvis .   a - +0 short sword (venom)
rCold   + . .      Faith    .   (no shield)
rNeg    . . .      Spirit   .   l - +1 robe {Will+}
rPois   .          Reflect  .   (helmet restricted)
rElec   .          Harm     .   (no cloak)
rCorr   .          Rampage  .   o - +0 pair of gloves
Will    +....                   (no boots)
Stlth   +++.......              (no amulet)
HPRegen 0.20/turn               h - +4 ring of slaying
MPRegen 0.14/turn               (no ring)

@: very slightly contaminated, invisible
A: horns 2, slimy green scales 1, condensation shield, talons 1, cold resistance
1, MP-powered wands
a: no special abilities


You were on level 5 of the Dungeon.
You visited 1 branch of the dungeon, and saw 6 of its levels.

You collected 208 gold pieces.

Inventory:

Hand Weapons
 a - a +0 short sword of venom (weapon)
 b - a +0 sling
 j - a +0 hand axe
 t - a +0 dagger
 u - a +0 flail of protection
 x - a +0 trident
 E - a +0 great sword
 G - a +0 dagger of speed
Missiles
 y - 5 boomerangs (quivered)
 B - a throwing net
 C - 12 poisoned darts
Armour
 l - a +1 robe of willpower (worn)
 o - a +0 pair of gloves (worn)
Magical Staves
 F - a staff of conjuration
Jewellery
 h - a +4 ring of slaying (left hand)
 D - a ring of fire
Wands
 g - a wand of polymorph (8)
 v - a wand of light (13)
Scrolls
 e - a scroll of teleportation
 n - 2 scrolls of blinking
 A - a scroll of silence
Potions
 c - 3 potions of haste
 d - a potion of attraction
 f - a potion of resistance
 i - 2 potions of cancellation
 m - 3 potions of mutation
 p - 4 potions of degeneration {unknown}
 r - 2 potions of lignification {unknown}
 s - a potion of flight {unknown}
 w - a potion of brilliance {unknown}
 z - 4 potions of curing


   Skills:
 + Level 4.3 Fighting
 * Level 2.7 Staves
 + Level 4.5 Dodging
 + Level 4.7 Stealth
 + Level 4.5 Spellcasting
 + Level 4.4 Conjurations
 + Level 5.0 Fire Magic


You had 9 spell levels left.
You knew the following spells:

 Your Spells              Type           Power      Damage    Failure   Level
a - Foxfire               Conj/Fire      88%        2x1d8     1%          1
b - Scorch                Fire           46%        2d7       2%          2
c - Flame Wave            Conj/Fire      22%        2d8       19%         4

Your spell library contained the following spells:

 Spells                   Type           Power      Damage    Failure   Level
 Conjure Flame            Conj/Fire      22%        6-21      5%          3
 Apportation              Tloc           8%         N/A       13%         1
 Necrotise                Necr           16%        1d4       13%         1
 Summon Small Mammal      Summ           16%        N/A       13%         1
 Inner Flame              Hex/Fire       13%        N/A       14%         3
 Summon Ice Beast         Ice/Summ       4%         N/A       78%         4
 Summon Mana Viper        Hex/Summ       4%         N/A       98%         5
 Monstrous Menagerie      Summ           2%         N/A       100%        7


Dungeon Overview and Level Annotations

Branches:
Dungeon (6/15)
 Temple: D:4-7

Altars:
Dithmenos
Fedhas
Gozag
Kikubaaqudgha
Makhleb
Nemelex Xobeh
Ru

Shops:
D:1 *   D:5 *

Annotations:
D:5 1 runed translucent door, Beryl's ghost, amateur MiBe


Innate Abilities, Weirdness & Mutations

You have a pair of horns on your head.
You are partially covered in slimy green scales. (AC +2)
A meltable shield of frost defends you. (SH +0)
You have sharp toenails.
Your flesh is cold resistant. (rC+)
You expend magic power (3 MP) to strengthen your wands.


Message History

The flame wave engulfs the steam dragon.
The steam dragon is moderately wounded.
The flame wave engulfs the water moccasin!
The water moccasin is severely wounded.
The steam dragon bites you but does no damage.
The steam dragon claws you. The water moccasin bites you.
A wave of flame ripples out!
The flame wave engulfs the steam dragon.
The steam dragon is moderately wounded.
The flame wave engulfs the water moccasin!
You kill the water moccasin!
The flame wave engulfs the iguana!
The iguana is heavily wounded.
You finish channelling waves of flame.
You hear a shout!
The steam dragon breathes steam at you. The ball of steam misses you.
You are engulfed in a cloud of scalding steam.
Your condensation shield dissipates!
The iguana bites you. The steam dragon bites you.
* * * LOW HITPOINT WARNING * * *
The steam dragon claws you but does no damage.
You climb upwards.
Level annotation: 1 runed translucent door, Beryl's ghost, amateur MiBe
There is a stone staircase leading down, spattered with blood here.
Casting: Flame Wave (dangerous; 19% risk of failure)
Confirm with . or Enter, or press ? or * to list all spells.
Flames lash the steam dragon.
The steam dragon is severely wounded.
The steam dragon's fire resistance burns away.
The iguana completely misses you. The steam dragon bites you!
* * * LOW HITPOINT WARNING * * *
The steam dragon claws you.
* * * LOW HITPOINT WARNING * * *
It was a potion of invisibility.
You fade into invisibility!
The iguana bites you but does no damage.
The steam dragon breathes steam at you. The ball of steam hits you!
You die...

..# #............# ##.
..###............# ############.
.................####............
.#...............................
####..............#######........
# #........###########..........
# ##.......##8....##............
# ##......##.....##............ #
#......8...@..##............ #
##.........Dl..#............. #
##.....8...∩...8#............. #
#............................. #
##........<...8#####........... #
#.............## ##..........
###...........8.# #..........
.##^............# ##.........
.#..............# ##........


You could see a steam dragon (unable to see you, catching breath, combustible)
and an iguana (unable to see you).

Vanquished Creatures
  A two-headed ogre (D:6)
  A water moccasin (D:6)
  An ice beast (D:4)
  A black bear (D:4)
  An ogre (D:5)
  2 phantoms (D:5)
  2 scorpions (D:5)
  3 necrophages
  2 orc priests
  Jessica (D:3)
  Terence (D:3)
  2 iguanas
  3 orc wizards
  Robin (D:3)
  8 adders
  10 gnolls
  A white imp (D:5)
  A worm (D:2)
  2 dart slugs
  18 orcs
  4 bats
  3 endoplasms
  3 giant cockroaches
  15 goblins
  12 hobgoblins
  7 jackals
  5 quokkas
  6 ball pythons
  5 frilled lizards
  12 kobolds
  9 rats
143 creatures vanquished.

Vanquished Creatures (others)
  127 foxfires
127 creatures vanquished.

Grand Total: 270 creatures vanquished

Notes
Turn   | Place    | Note
-------+----------+-------------------------------------------
     0 | D:1      | croobank the Demonspawn Fire Elementalist began the quest
                  | for the Orb.
     0 | D:1      | Reached XP level 1. HP: 13/13 MP: 3/3
   162 | D:1      | Found Jieniram's General Store.
   319 | D:1      | Gained mutation: You are partially covered in slimy green
                  | scales. (AC +2) [demonic ancestry]
   319 | D:1      | Reached XP level 2. HP: 12/19 MP: 0/5
   322 | D:1      | Learned a level 2 spell: Scorch
  1069 | D:1      | Gained mutation: You have a pair of small horns on your
                  | head. [demonic ancestry]
  1069 | D:1      | Reached XP level 3. HP: 25/25 MP: 6/6
  1349 | D:2      | Reached skill level 1 in Fighting
  1478 | D:2      | Reached skill level 3 in Fire Magic
  1635 | D:2      | Found a burning altar of Makhleb.
  2125 | D:3      | Found an opulent altar of Gozag.
  2155 | D:3      | Noticed Terence
  2163 | D:3      | Killed Terence
  2164 | D:3      | Reached XP level 4. HP: 24/32 MP: 0/7
  2503 | D:3      | Reached XP level 5. HP: 33/37 MP: 1/9
  2583 | D:3      | Noticed Robin
  2586 | D:3      | Killed Robin
  2899 | D:3      | Noticed Jessica
  2901 | D:3      | Killed Jessica
  3360 | D:4      | Found a shadowy altar of Dithmenos.
  3360 | D:4      | Found a blossoming altar of Fedhas.
  3360 | D:4      | Noticed an ice beast
  3367 | D:4      | Found a sacrificial altar of Ru.
  3382 | D:4      | Gained mutation: You have a pair of horns on your head.
                  | [demonic ancestry]
  3382 | D:4      | Reached XP level 6. HP: 19/44 MP: 0/10
  3716 | D:5      | Entered Level 5 of the Dungeon
  3851 | D:4      | Killed an ice beast
  4097 | D:4      | Learned a level 4 spell: Flame Wave
  4117 | D:4      | Gained mutation: A meltable shield of frost defends you.
                  | (SH +0) [demonic ancestry]
  4117 | D:4      | Reached XP level 7. HP: 40/51 MP: 1/12
  4402 | D:4      | Gained mutation: Your flesh is cold resistant. (rC+)
                  | [potion of mutation]
  4402 | D:4      | Gained mutation: You expend magic power (3 MP) to
                  | strengthen your wands. [potion of mutation]
  4402 | D:4      | Gained mutation: You have sharp toenails. [potion of
                  | mutation]
  4568 | D:4      | Reached skill level 4 in Fire Magic
  4678 | D:4      | Found an ancient bone altar of Kikubaaqudgha.
  4678 | D:4      | Found a sparkling altar of Nemelex Xobeh.
  5152 | D:5      | Found Heivobrof's General Store.
  5404 | D:5      | Found a runed translucent door.
  5404 | D:5      | Noticed Beryl's ghost (amateur MiBe)
  5515 | D:5      | Reached XP level 8. HP: 53/58 MP: 6/13
  6183 | D:5      | You fall into a shaft and drop 1 floor!
  6457 | D:6      | Noticed a two-headed ogre
  6465 | D:6      | Killed a two-headed ogre
  6479 | D:5      | Reached skill level 5 in Fire Magic
  6590 | D:5      | HP: 3/61 [steam dragon (4)]
  6591 | D:5      | Killed from afar by a steam dragon

Illustrated notes

Levels and vault maps discovered:
D:1:      dpeg_arrival_refuge, layout_loops_ring, serial_shops,
          nicolae_shop_behind_doors
D:2:      layout_basic, basic_altar
D:3:      layout_basic, grunt_gozag_statues, uniq_terence, uniq_jessica,
          uniq_robin
D:4:      layout_loops_cross, nicolae_overflow_hallway_of_the_gods,
          nicolae_kite_square_tiling_tiny, minmay_between
D:5:      layout_cave_pods, serial_shops, nicolae_stop_n_shop_1,
          gammafunk_ghost_grave, hangedman_decor_points
D:6:      layout_cave_pods, minmay_temple_entry_glassed_door, corner_web_ring,
          minmay_alternating_orb

Skill      XL: |  1  2  3  4  5  6  7  8 |
---------------+-------------------------+-----
Dodging        | 2 3 4 |  4.5
Stealth        | 2 3 4 |  4.7
Fighting       | 1 2 3 4 |  4.3
Fire Magic     | 3 4 5 |  5.0
Conjurations   | 2 3 4 |  4.4
Spellcasting   | 3 4 |  4.5
Staves         | 2 |  2.7

Action                   |  1- 3 |  4- 6 |  7- 9 || total
-------------------------+-------+-------+-------++-------
Melee: Unarmed           |     3 |       |       ||     3
       Short sword       |    17 |    39 |    18 ||    74
       Headbutt          |       |     8 |     2 ||    10
       Punch             |       |     1 |     1 ||     2
       Kick              |       |       |     5 ||     5
 Fire: Sling             |    58 |    59 |    33 ||   150
Throw: Throwing net      |       |     1 |       ||     1
 Cast: Foxfire           |    14 |    35 |    26 ||    75
       Scorch            |    22 |    47 |    41 ||   110
       Flame Wave        |       |       |     1 ||     1
  Use: Scroll            |       |     3 |    12 ||    15
       Potion            |       |     1 |     2 ||     3
 Stab: Sleeping          |     1 |       |     1 ||     2
Armor: Robe              |     9 |    10 |    17 ||    36
Dodge: Dodged            |    18 |    40 |    23 ||    81
Block: Other             |       |       |    11 ||    11
